 Dungeon Crawl Stone Soup version 0.18.1-48-g4cf74bf (webtiles) character file.

602 Jerry the Caller (level 7, -5/46 HPs)
             Began as a Demonspawn Ice Elementalist on June 27, 2016.
             Was an Initiate of Kikubaaqudgha.
             Slain by Edmund
             ... wielding a +0 dire flail
              (16 damage)
             ... on level 5 of the Dungeon.
             The game lasted 00:22:22 (5528 turns).

Jerry the Caller (Demonspawn Ice Elementalist)      Turns: 5528, Time: 00:22:22

Health: -5/46      AC:  7    Str: 13    XL:     7   Next: 18%
Magic:  12/12      EV: 11    Int: 19    God:    Kikubaaqudgha [......]
Gold:   247        SH:  0    Dex: 13    Spells: 2 memorised, 8 levels left

rFire  + + .     SeeInvis +     n - +4 quarterstaff (chaos)
rCold  x . .     Gourm    .     y - +1 leather armour of Intuition {rF++ rC- rCorr SInv}
rNeg   . . .     Faith    .     (shield currently unavailable)
rPois  .         Spirit   .     (no helmet)
rElec  .         Dismiss  +     v - +0 cloak
rCorr  +         Reflect  .     t - +1 pair of gloves
SustAt .         Harm     .     (no boots)
MR     .....                    C - amulet of dismissal
Stlth  +++.......               (no ring)
                                (no ring)

@: mighty, not resistant to hostile enchantments, fairly stealthy
A: talons 1, nightstalker 1, powered by pain 2
a: Renounce Religion


You were on level 5 of the Dungeon.
You worshipped Kikubaaqudgha.
Kikubaaqudgha was noncommittal.
You were not hungry.

You visited 2 branches of the dungeon, and saw 6 of its levels.

You collected 247 gold pieces.

Inventory:

Hand Weapons
 n - a +4 quarterstaff of chaos (weapon)
 E - a cursed -2 short sword
Missiles
 l - 40 sling bullets (quivered)
Armour
 a - a +0 robe
 t - a +1 pair of gloves (worn)
 v - a +0 cloak (worn)
 y - the +1 leather armour of Intuition (worn) {rF++ rC- rCorr SInv}
   (You found it on level 4 of the Dungeon)

   It greatly protects you from fire.
   It makes you vulnerable to cold.
   It lets you see invisible.
   It protects you from acid and corrosion.
 F - a +2 buckler
Jewellery
 C - an amulet of dismissal (around neck)
Wands
 i - a wand of paralysis (11/24)
 j - a wand of digging (1/24)
 p - a wand of paralysis (19/24)
 A - a wand of random effects (35/48)
 D - a wand of slowing (11/48)
Scrolls
 e - 2 scrolls of identify
 f - a scroll of remove curse
 o - a scroll of enchant armour
 w - a scroll of teleportation {unknown}
 x - a scroll of blinking {unknown}
 H - a scroll of enchant weapon {unknown}
Potions
 d - a potion of cure mutation {unknown}
 g - a potion of magic {unknown}
 h - a potion of agility
 k - a potion of degeneration {unknown}
 m - a potion of flight {unknown}
 u - 3 potions of curing {unknown}
 z - 3 potions of ambrosia {unknown}
 B - 2 potions of heal wounds {unknown}
 I - a potion of lignification {unknown}
Books
 b - a book of Frost

   Spells                             Type                      Level
   a - Freeze                         Ice                          1
   b - Throw Frost                    Conjuration/Ice              2
   c - Ozocubu's Armour               Charms/Ice                   3
   d - Throw Icicle                   Conjuration/Ice              4
   e - Summon Ice Beast               Ice/Summoning                4
Comestibles
 c - 3 bread rations
 q - a slice of pizza
 r - 5 fruits
 G - 4 chunks of flesh


   Skills:
 - Level 1.7 Dodging
 - Level 1.7 Stealth
 + Level 3.9 Spellcasting
   Level 1.0 Conjurations
 + Level 5.1 Summonings
 - Level 4.6 Ice Magic


You had 8 spell levels left.
You knew the following spells:

 Your Spells              Type           Power        Failure   Level  Hunger
a - Freeze                Ice            ###.         2%          1    None
b - Summon Ice Beast      Ice/Summ       ###.....     28%         4    ####...


Dungeon Overview and Level Annotations

Branches:
Dungeon (5/15)             Temple (1/1) D:4

Altars:
Ashenzari
Cheibriados
Dithmenos
Fedhas
Gozag
Kikubaaqudgha
Makhleb
Pakellas
Qazlal
Ru
Trog
Vehumet
Yredelemnul
Zin
The Shining One

Annotations:
D:3 Venard's ghost, amateur DgCj
D:5 Edmund


Innate Abilities, Weirdness & Mutations

You have sharp toenails.
You are slightly more attuned to the shadows.
You sometimes gain power by taking damage.


Message History

Drink which item? (? for menu, Esc to quit)
Okay, then.
Read which item? (? for menu, Esc to quit)
As you read the scroll of fear, it crumbles to dust.
You assume a fearsome visage.
Edmund closely misses you.
You sock Edmund! You freeze Edmund. Your kick misses Edmund.
Edmund is heavily wounded.
Edmund hits you with a dire flail!
* * * LOW HITPOINT WARNING * * *
Edmund barely misses you.
You sock Edmund! You claw Edmund, but do no damage.
Edmund is severely wounded.
Edmund hits you with a dire flail.
* * * LOW HITPOINT WARNING * * *
Edmund misses you.
You closely miss Edmund.
Edmund is severely wounded.
Edmund hits you but does no damage. Edmund hits you with a dire flail!
You die...
Kikubaaqudgha rasps: "You have failed me!
Welcome... death!"

#.#... #...#.....#
#..#..##..#......#
...#....#.......#
.....#..#....##'##
#..##..##..##..#.#
#..##..##..##..#.#
#.....#..#.....#.#########
...#....#...##>.........
..#..##@.#..............
#...##@..#..#####.#....
#..........#.#...#.#....
########.#...# #.#.'....
.##### #.###.... ..
#..[[.... .. #######'#
#..... #.....


You could see Edmund (berserk).

Vanquished Creatures
  A phantom (D:4)
  An orc priest (D:5)
  Crazy Yiuf (D:3)
  3 orc wizards
  Terence (D:3)
  2 worker ants
  Natasha (thrice) (D:2)
  8 adders
  3 gnolls (D:4)
  An ooze (D:2)
  2 worms (D:3)
  A dart slug (D:1)
  4 giant geckos
  10 orcs
  2 giant cockroaches
  12 goblins
  5 hobgoblins
  17 jackals
  8 kobolds
  3 quokkas
  A ball python (D:2)
  7 bats
  2 giant newts
  A jackal skeleton (D:4)
  2 quokka skeletons (D:4)
  6 rats
  A fungus (D:3)
108 creatures vanquished.

Notes
Turn   | Place    | Note
--------------------------------------------------------------
     0 | D:1      | Jerry the Demonspawn Ice Elementalist began the quest for the Orb.
     0 | D:1      | Reached XP level 1. HP: 13/13 MP: 3/3
   650 | D:1      | Gained mutation: You sometimes gain a little power by taking damage. [demonic ancestry]
   650 | D:1      | Reached XP level 2. HP: 19/19 MP: 5/5
  1238 | D:2      | Noticed Natasha
  1244 | D:2      | Killed Natasha
  1244 | D:2      | Reached XP level 3. HP: 3/24 MP: 0/6
  1259 | D:2      | HP: 1/24 [giant gecko (2)]
  1452 | D:2      | Noticed Natasha
  1550 | D:2      | Gained mutation: You have sharp toenails. [demonic ancestry]
  1550 | D:2      | Reached XP level 4. HP: 26/30 MP: 7/7
  1745 | D:2      | Learned a level 4 spell: Summon Ice Beast
  2318 | D:3      | Reached skill level 1 in Summonings
  2363 | D:3      | Reached skill level 2 in Summonings
  2475 | D:3      | Noticed Venard's ghost (amateur DgCj)
  2486 | D:3      | Found a glowing golden altar of the Shining One.
  2659 | D:2      | Killed Natasha
  2659 | D:2      | Gained mutation: You are slightly more attuned to the shadows. [demonic ancestry]
  2659 | D:2      | Reached XP level 5. HP: 21/35 MP: 2/8
  2745 | D:2      | Noticed Natasha
  2751 | D:2      | Killed Natasha
  2751 | D:2      | Reached skill level 3 in Summonings
  2978 | D:3      | Found a snail-covered altar of Cheibriados.
  3437 | D:3      | Found a faded altar to an unknown god.
  3458 | D:3      | Noticed Terence
  3469 | D:3      | Killed Terence
  3609 | D:3      | Found a burning altar of Makhleb.
  3671 | D:3      | Found an oddly glowing altar of Pakellas.
  3747 | D:3      | Reached XP level 6. HP: 39/41 MP: 7/9
  3815 | D:3      | Noticed Crazy Yiuf
  3823 | D:3      | Killed Crazy Yiuf
  3928 | D:4      | Reached skill level 4 in Summonings
  4197 | D:4      | Got a transparent leather armour
  4210 | D:4      | Identified the +1 leather armour of Intuition {rF++ rC- rCorr SInv} (You found it on level 4 of the Dungeon)
  4251 | D:4      | Found a radiant altar of Vehumet.
  4480 | D:4      | Found a staircase to the Ecumenical Temple.
  4493 | Temple   | Entered the Ecumenical Temple
  4540 | Temple   | Became a worshipper of Kikubaaqudgha
  5182 | D:4      | Gained mutation: You sometimes gain power by taking damage. [demonic ancestry]
  5182 | D:4      | Reached XP level 7. HP: 41/46 MP: 12/12
  5400 | D:5      | Entered Level 5 of the Dungeon
  5400 | D:5      | Found a blossoming altar of Fedhas.
  5400 | D:5      | Found a stormy altar of Qazlal.
  5475 | D:5      | Reached skill level 5 in Summonings
  5515 | D:5      | Noticed Edmund
  5528 | D:5      | Slain by Edmund

Skill      XL: |  1  2  3  4  5  6  7 |
---------------+----------------------+-----
Ice Magic      | 3 4 |  4.6
Summonings     | 2 3 4 5 |  5.1
Spellcasting   | 3 |  3.9
Dodging        | |  1.7
Stealth        | |  1.7
Conjurations   | |  1.0

Action                   |  1- 3 |  4- 6 |  7- 9 || total
-------------------------+-------+-------+-------++-------
Melee: Short sword       |    58 |    87 |       ||   145
       Hand axe          |     2 |    31 |       ||    33
       Dagger            |     2 |       |       ||     2
       Kick              |       |    35 |     5 ||    40
       Quarterstaff      |       |    75 |    43 ||   118
 Cast: Freeze            |    21 |    48 |       ||    69
Evoke: Wand              |       |     3 |       ||     3
  Use: Scroll            |       |     9 |     1 ||    10
 Stab: Sleeping          |     1 |     9 |     1 ||    11
       Paralysed         |       |    14 |       ||    14
       Distracted        |       |     1 |       ||     1
  Eat: Chunk             |     2 |    13 |     1 ||    16
Armor: Robe              |     9 |    14 |       ||    23
       Leather armour    |     6 |    29 |    33 ||    68
Dodge: Dodged            |    45 |   143 |    26 ||   214
